 Dungeon Sprint DCSS version 0.27.1-33-g824d729ab1 (webtiles) character file.

Game seed: 12592076773449195228

641 manyhoops the Fighter (level 7, -2/54 HPs)
             Began as a Gargoyle Berserker on Nov 25, 2021.
             Was a Believer of Trog.
             Slain by a sixfirhy (3 damage)
             ... summoned by a kobold demonologist
             ... in the Dungeon (Sprint I: "Red Sonja").
             The game lasted 00:01:42 (609 turns).

manyhoops the Fighter (Gargoyle Berserker)           Turns: 609, Time: 00:01:42

Health: -2/54      AC:  9    Str: 23      XL:     7   Next: 51%
Magic:  7/7        EV: 11    Int:  7      God:    Trog [**....]
Gold:   372        SH:  0    Dex:  7 (9)  Spells: 6/6 levels left

rFire    + . .     SeeInvis .   a - +0 mace
rCold    . . .     Faith    .   (no shield)
rNeg     + . .     Spirit   .   j - +1 leather armour {rF+}
rPois    ∞         Reflect  .   (no helmet)
rElec    +         Harm     .   (no cloak)
rCorr    .         Rampage  .   (no gloves)
Will     ++...     NoTele   +   (no boots)
Stlth    +.........             (no amulet)
HPRegen  1.18/turn              (no ring)
MPRegen  0.10/turn              (no ring)

@: strong-willed, on berserk cooldown, regenerating, slowed, very slow
A: sickness immunity, AC +4, negative energy resistance 1, electricity
resistance, torment resistance 1, petrification resistance
a: Renounce Religion, Berserk, Trog's Hand


You were in the Dungeon.
You worshipped Trog.
Trog was pleased with you.
You visited 1 branch You collected 412 gold pieces.
You spent 40 gold pieces at shops.

Inventory:

Hand Weapons
 a - a +0 mace (weapon)
Armour
 b - a +0 animal skin
 j - a +1 leather armour of fire resistance (worn)
Wands
 i - a wand of digging (5)
Scrolls
 k - a scroll of fog {unknown}
 l - 2 scrolls of identify
Potions
 c - a potion of curing
 d - 2 potions of heal wounds
 e - a potion of haste
 f - 2 potions of magic
 g - a potion of berserk rage


   Skills:
 + Level 11.2 Fighting
 + Level 11.1 Maces & Flails
 + Level 5.9 Armour
 - Level 2.9 Dodging


You had 6 spell levels left.
You didn't know any spells.
Your spell library was empty.

Dungeon Overview and Level Annotations

Branches:
Dungeon (1/1)

Altars:
Cheibriados
Dithmenos
Elyvilon
Fedhas
Gozag
Hepliaklqana
Kikubaaqudgha
Makhleb
Nemelex Xobeh
Okawaru
Qazlal
Ru
Sif Muna
Trog
Uskayaw
Vehumet
Wu Jian
Xom
Yredelemnul
Zin
The Shining One
Jiyva
Lugonu

Shops:
D ?


Innate Abilities, Weirdness & Mutations

You are immune to sickness and miasma.
Your stone body is resilient. (AC +4)
You are immune to poison.
You resist negative energy. (rN+)
You are resistant to electric shocks. (rElec)
You are resistant to unholy torment.
You are immune to petrification.


Message History

Press: ? - help, Dir - move target
As you read the scroll of blinking, it crumbles to dust.
The kobold demonologist mumbles some strange words.
There is an open door here.
You close the door.
As you open the door, it creaks loudly!
The kobold demonologist looks satisfied for a moment.
Unknown command.
Your skin crawls.
You feel strong-willed.
The kobold demonologist casts a spell.
The kobold demonologist mumbles some strange words. x2
The hellwing hits you!
The hellwing hits you but does no damage.
You barely miss the hellwing. The hellwing hits you. The hellwing misses you.
You closely miss the hellwing. The hellwing hits you. The hellwing misses you.
You hit the hellwing but do no damage. The hellwing misses you.
The hellwing barely misses you.
The kobold demonologist gestures wildly while chanting.
You closely miss the hellwing.
The floating eye gazes piercingly through you!
You suddenly lose the ability to move!
You can move again.
The sixfirhy completely misses you. The sixfirhy hits you!
* * * LOW HITPOINT WARNING * * *
The sixfirhy shocks you. You resist.
* * * LOW HITPOINT WARNING * * *
The sixfirhy misses you.
The sixfirhy hits you but does no damage. x2
The sixfirhy hits you.
* * * LOW HITPOINT WARNING * * *
The sixfirhy shocks you. You resist.
* * * LOW HITPOINT WARNING * * *
The floating eye's stare focuses on you.
There is an ornate altar of the Wu Jian Council here.
The kobold demonologist mumbles some strange words.
The sixfirhy barely misses you. The sixfirhy hits you!
* * * LOW HITPOINT WARNING * * *
The sixfirhy shocks you. You resist.
You die...

##########################
#<.#..)..#..'..#__#35KG.5#
#..').#..').#3G'3.'G5#3.5#
#..#####'#####4#__####G45+
#..####..#...#K#### #####
#..#__####..##3#
#..#_____##@#_5+
#⌠⌠#_.∩...'.3._#
####_..__##_.#'#
#_____###+#.# ####### ###


You could see a sixfirhy (summoned).

Vanquished Creatures
  A slime creature (D)
  Sigmund (D)
  A yak (D)
  An ogre (D)
  A jelly (D)
  Ijyb (D)
6 creatures vanquished.

Vanquished Creatures (others)
  A gargoyle (D)
1 creature vanquished.

Grand Total: 7 creatures vanquished

Notes
Turn   | Place    | Note
-------+----------+-------------------------------------------
     0 | D        | manyhoops the Gargoyle Berserker began the quest for the
                  | Orb.
     0 | D        | Reached XP level 1. HP: 14/14 MP: 1/1
     1 | D        | Noticed Ijyb
     8 | D        | Killed Ijyb
     9 | D        | Reached skill level 5 in Fighting
     9 | D        | Reached XP level 2. HP: 18/21 MP: 2/2
     9 | D        | Reached XP level 3. HP: 23/26 MP: 3/3
   129 | D        | Noticed an ogre
   136 | D        | Killed an ogre
   137 | D        | Reached XP level 4. HP: 30/32 MP: 4/4
   249 | D        | Noticed Sigmund
   258 | D        | Killed Sigmund
   258 | D        | Reached ** piety under Trog
   259 | D        | Reached XP level 5. HP: 41/41 MP: 5/5
   259 | D        | Reached XP level 6. HP: 46/46 MP: 6/6
   321 | D        | Found an ornate altar of the Wu Jian Council.
   321 | D        | Found a shimmering blue altar of Sif Muna.
   323 | D        | Found a radiant altar of Vehumet.
   393 | D        | Found a viscous altar of Jiyva.
   393 | D        | Found a corrupted altar of Lugonu.
   393 | D        | Noticed a slime creature
   394 | D        | Found a burning altar of Makhleb.
   394 | D        | Found a shimmering altar of Xom.
   402 | D        | Killed a slime creature
   403 | D        | Reached skill level 10 in Fighting
   403 | D        | Reached skill level 10 in Maces & Flails
   403 | D        | Reached skill level 5 in Armour
   403 | D        | Reached XP level 7. HP: 49/53 MP: 7/7
   463 | D        | Killed a gargoyle
   525 | D        | Found Mucysoto's Magic Scroll Emporium.
   525 | D        | Found an ancient bone altar of Kikubaaqudgha.
   525 | D        | Found a hazy altar of Hepliaklqana.
   525 | D        | Found a stormy altar of Qazlal.
   525 | D        | Found a hide-covered altar of Uskayaw.
   525 | D        | Found a blossoming altar of Fedhas.
   525 | D        | Found a bloodstained altar of Trog.
   525 | D        | Found an iron altar of Okawaru.
   525 | D        | Found a basalt altar of Yredelemnul.
   525 | D        | Found a glowing golden altar of the Shining One.
   525 | D        | Found a snail-covered altar of Cheibriados.
   525 | D        | Found a sacrificial altar of Ru.
   525 | D        | Found a glowing silver altar of Zin.
   525 | D        | Found a shadowy altar of Dithmenos.
   525 | D        | Found a white marble altar of Elyvilon.
   525 | D        | Noticed a yak
   532 | D        | Killed a yak
   532 | D        | Reached *** piety under Trog
   533 | D        | Found an opulent altar of Gozag.
   548 | D        | Found a sparkling altar of Nemelex Xobeh.
   552 | D        | Bought a scroll of identify for 20 gold pieces
   552 | D        | Bought a scroll of identify for 20 gold pieces
   577 | D        | Noticed a kobold demonologist
   579 | D        | Noticed a kobold demonologist
   584 | D        | Paralysed by a floating eye for 3 turns
   593 | D        | Noticed a chaos spawn
   594 | D        | Noticed a sixfirhy
   597 | D        | Noticed a hellwing
   600 | D        | Noticed a sun demon
   604 | D        | Noticed a sixfirhy
   604 | D        | Paralysed by a floating eye for 2 turns
   609 | D        | HP: 1/54 [sixfirhy[a kobold demonologist] (11)]
   609 | D        | Slain by a sixfirhy

Illustrated notes

Levels and vault maps discovered:
D:        dungeon_sprint_1 [red_sonja_temple_1, red_sonja_temple_small_1]

Skill      XL: |  1  2  3  4  5  6  7 |
---------------+----------------------+-----
Fighting       | 5 6 9 10 11 | 11.2
Maces & Flails | 4 6 8 10 11 | 11.1
Dodging        | 2 |  2.9
Armour         | 3 4 5 |  5.9

Action                   |  1- 3 |  4- 6 |  7- 9 || total
-------------------------+-------+-------+-------++-------
Melee: Mace              |    11 |    18 |    21 ||    50
Invok: Berserk           |     2 |     2 |     2 ||     6
       Trog's Hand       |       |       |     1 ||     1
  Use: Scroll            |       |       |     1 ||     1
Armor: Animal skin       |     1 |       |       ||     1
       Leather armour    |       |     2 |    37 ||    39
Dodge: Dodged            |     3 |     8 |    26 ||    37
